TOP OF THE 1ST |
Nebraska Plainsmen batting - Pitching for Connetquot Chiefs : RHP Nick Richie
|
Pitching: RHP Nick Richie
|
|
Batting: RHB Bartolo Benítez
|
0-0: Foul Ball, location: 2F 0-1: Swinging Strike 0-2: Ball 1-2: Ball 2-2: Ball 3-2: Foul Ball, location: 2F 3-2: Strikes out swinging
|
Batting: RHB Young-hwan Hyon
|
0-0: Ball 1-0: Ball 2-0: Called Strike 2-1: Foul Ball, location: 2F 2-2: Ball 3-2: Ground out 4-3 (Groundball, 4)
|
Batting: RHB Manny Rodríguez
|
0-0: Swinging Strike 0-1: Fly out, F9 (Flyball, 89M)
|
Top of the 1st over - 0 run(s), 0 hit(s), 0 error(s), 0 left on base; Nebraska 0 - Connetquot 0 |
BOTTOM OF THE 1ST |
Connetquot Chiefs batting - Pitching for Nebraska Plainsmen : RHP Leif Mayer
|
Pitching: RHP Leif Mayer
|
|
Batting: RHB Juan Salinas
|
0-0: Swinging Strike 0-1: Called Strike 0-2: Ball 1-2: Strikes out swinging
|
Batting: RHB David Pérez
|
0-0: Foul Ball, location: 2F 0-1: Ground out 5-3 (Groundball, 15S)
|
Batting: RHB Arturo Morales
|
0-0: Ball 1-0: Ground out 5-3 (Groundball, 56)
|
Bottom of the 1st over - 0 run(s), 0 hit(s), 0 error(s), 0 left on base; Nebraska 0 - Connetquot 0 |
TOP OF THE 2ND |
Nebraska Plainsmen batting - Pitching for Connetquot Chiefs : RHP Nick Richie
|
Batting: RHB Mike Thompson
|
0-0: Ball 1-0: Ball 2-0: Called Strike 2-1: Ball 3-1: Called Strike 3-2: Strikes out swinging
|
Batting: RHB Dani Trejo
|
0-0: SINGLE (Line Drive, 5L)
|
Batting: LHB Pedro Gutiérrez
|
0-0: Called Strike 0-1: Swinging Strike 0-2: Ball 1-2: Ball 2-2: Ball 3-2: Grounds into double play, 6-4-3 (Groundball, 6)
|
Top of the 2nd over - 0 run(s), 1 hit(s), 0 error(s), 0 left on base; Nebraska 0 - Connetquot 0 |
BOTTOM OF THE 2ND |
Connetquot Chiefs batting - Pitching for Nebraska Plainsmen : RHP Leif Mayer
|
Batting: RHB Menno van de Vlugt
|
0-0: Called Strike 0-1: Ball 1-1: Ball 2-1: Swinging Strike 2-2: Fly out, F8 (Flyball, 8LM)
|
Batting: RHB José Magana
|
0-0: Called Strike 0-1: Foul Ball, location: 2F 0-2: Ball 1-2: Foul Ball, location: 2F 1-2: Ball 2-2: Fly out, F8 (Flyball, 78M)
|
Batting: RHB Mario Rivera
|
0-0: Foul Ball, location: 2F 0-1: Foul Ball, location: 2F 0-2: Ball 1-2: Ball 2-2: Foul Ball, location: 2F 2-2: Ground out 6-3 (Groundball, 56)
|
Bottom of the 2nd over - 0 run(s), 0 hit(s), 0 error(s), 0 left on base; Nebraska 0 - Connetquot 0 |
TOP OF THE 3RD |
Nebraska Plainsmen batting - Pitching for Connetquot Chiefs : RHP Nick Richie
|
Batting: RHB Miguel Gómez
|
0-0: Ball 1-0: Foul Ball, location: 2F 1-1: Swinging Strike 1-2: Foul Ball, location: 2F 1-2: Ball 2-2: Fly out, F4 (Popup, 4)
|
Batting: LHB Alex Willis
|
0-0: Swinging Strike 0-1: Ball 1-1: SOLO HOME RUN (Flyball, 9LD), Distance : 368 ft
|
Batting: RHB George St. Clair
|
0-0: Called Strike 0-1: Ground out 4-3 (Groundball, 4)
|
Batting: RHB Bartolo Benítez
|
0-0: Called Strike 0-1: Ball 1-1: Ball 2-1: Called Strike 2-2: Foul Ball, location: 2F 2-2: Ball 3-2: Strikes out swinging
|
Top of the 3rd over - 1 run(s), 1 hit(s), 0 error(s), 0 left on base; Nebraska 1 - Connetquot 0 |
BOTTOM OF THE 3RD |
Connetquot Chiefs batting - Pitching for Nebraska Plainsmen : RHP Leif Mayer
|
Batting: SHB Rúbem Corvo
|
0-0: Called Strike 0-1: SINGLE (Line Drive, 7S)
|
Batting: RHB Emanuel Bree
|
0-0: Ball 1-0: Called Strike 1-1: Foul Ball, location: 2F 1-2: Foul Ball, location: 2F 1-2: Grounds into double play, 5-4-3 (Groundball, 5)
|
Batting: RHB John Burton
|
0-0: Ball 1-0: Ball 2-0: Ball 3-0: Called Strike 3-1: Fly out, F7 (Line Drive, 78M)
|
Bottom of the 3rd over - 0 run(s), 1 hit(s), 0 error(s), 0 left on base; Nebraska 1 - Connetquot 0 |
TOP OF THE 4TH |
Nebraska Plainsmen batting - Pitching for Connetquot Chiefs : RHP Nick Richie
|
Batting: RHB Young-hwan Hyon
|
0-0: Called Strike 0-1: Ground out 4-3 (Groundball, 4)
|
Batting: RHB Manny Rodríguez
|
0-0: Swinging Strike 0-1: Foul Ball, location: 2F 0-2: Foul Ball, location: 2F 0-2: SINGLE (Groundball, 56)
|
Batting: RHB Mike Thompson
|
0-0: Called Strike 0-1: Ball 1-1: Ball 2-1: Foul Ball, location: 2F 2-2: Strikes out swinging
|
Batting: RHB Dani Trejo
|
0-0: Ball 1-0: Swinging Strike 1-1: SINGLE (Line Drive, 4MD) Manny Rodríguez to second
|
Batting: LHB Pedro Gutiérrez
|
0-0: Ball 1-0: Called Strike 1-1: Ball 2-1: Ball 3-1: Foul Ball, location: 2F 3-2: SINGLE (Line Drive, 8LS) Manny Rodríguez to third Dani Trejo to second Manny Rodríguez scores Dani Trejo to third
|
Batting: RHB Miguel Gómez
|
0-0: Foul Ball, location: 2F 0-1: Ball 1-1: Fly out, F8 (Flyball, 8RM)
|
Top of the 4th over - 1 run(s), 3 hit(s), 0 error(s), 2 left on base; Nebraska 2 - Connetquot 0 |
BOTTOM OF THE 4TH |
Connetquot Chiefs batting - Pitching for Nebraska Plainsmen : RHP Leif Mayer
|
Batting: RHB Juan Salinas
|
0-0: Swinging Strike 0-1: Ball 1-1: Fly out, F3 (Popup, 23F)
|
Batting: RHB David Pérez
|
0-0: Called Strike 0-1: Ball 1-1: SINGLE (Line Drive, 6M)
|
Batting: RHB Arturo Morales
|
0-0: Ball David Pérez is caught stealing 2nd base 1-0: Foul Ball, location: 2F 1-1: Fly out, F6 (Popup, 6M)
|
Bottom of the 4th over - 0 run(s), 1 hit(s), 0 error(s), 0 left on base; Nebraska 2 - Connetquot 0 |
TOP OF THE 5TH |
Nebraska Plainsmen batting - Pitching for Connetquot Chiefs : RHP Nick Richie
|
Batting: LHB Alex Willis
|
0-0: Foul Ball, location: 2F 0-1: SINGLE (Flyball, 89S)
|
Batting: RHB George St. Clair
|
0-0: Bunted foul 0-1: Sac Bunt - play at second, runner OUT! 3-6
|
Batting: RHB Bartolo Benítez
|
0-0: Called Strike 0-1: Ball 1-1: Called Strike 1-2: Fly out, F8 (Line Drive, 8RD)
|
Batting: RHB Young-hwan Hyon
|
0-0: SINGLE (Groundball, 34D) George St. Clair to second Runner from 2nd tries for 3rd, SAFE, throw made to third Young-hwan Hyon to second
|
Batting: RHB Manny Rodríguez
|
0-0: Ball 1-0: Ball 2-0: Fly out, F9 (Flyball, 9LMF)
|
Top of the 5th over - 0 run(s), 2 hit(s), 0 error(s), 2 left on base; Nebraska 2 - Connetquot 0 |
BOTTOM OF THE 5TH |
Connetquot Chiefs batting - Pitching for Nebraska Plainsmen : RHP Leif Mayer
|
Batting: RHB Menno van de Vlugt
|
0-0: Ball 1-0: Ball 2-0: Ball 3-0: Called Strike 3-1: SINGLE (Flyball, 7LM)
|
Batting: RHB José Magana
|
0-0: Ball 1-0: Ball 2-0: Swinging Strike 2-1: Fly out, F8 (Flyball, 8LM)
|
Batting: RHB Mario Rivera
|
0-0: Called Strike 0-1: Ball Wild Pitch! Menno van de Vlugt to second 1-1: Ball 2-1: DOUBLE (Line Drive, 9LM) Menno van de Vlugt scores
|
Batting: SHB Rúbem Corvo
|
0-0: Ball 1-0: Ball 2-0: Ball 3-0: Base on Balls
|
Batting: RHB Emanuel Bree
|
0-0: Called Strike 0-1: SINGLE (Line Drive, 56) Mario Rivera to third Rúbem Corvo to second
|
Batting: RHB John Burton
|
0-0: Foul Ball, location: 2F 0-1: Foul Ball, location: 2F 0-2: Ball 1-2: Ball 2-2: Ball 3-2: Strikes out swinging
|
Batting: RHB Juan Salinas
|
0-0: Ball 1-0: Called Strike 1-1: Ball 2-1: Fly out, F7 (Flyball, 7LM)
|
Bottom of the 5th over - 1 run(s), 3 hit(s), 0 error(s), 3 left on base; Nebraska 2 - Connetquot 1 |
TOP OF THE 6TH |
Nebraska Plainsmen batting - Pitching for Connetquot Chiefs : RHP Nick Richie
|
Batting: RHB Mike Thompson
|
0-0: Ball 1-0: Swinging Strike 1-1: Ball 2-1: Swinging Strike 2-2: Strikes out swinging
|
Batting: RHB Dani Trejo
|
0-0: Ball 1-0: Called Strike 1-1: Called Strike 1-2: Ground out 6-3 (Groundball, 6M)
|
Batting: LHB Pedro Gutiérrez
|
0-0: Ball 1-0: Foul Ball, location: 2F 1-1: SINGLE (Flyball, 8RS)
|
Batting: RHB Miguel Gómez
|
0-0: Called Strike 0-1: Ball 1-1: Ball 2-1: Ball 3-1: Ground out 4-3 (Groundball, 4)
|
Top of the 6th over - 0 run(s), 1 hit(s), 0 error(s), 1 left on base; Nebraska 2 - Connetquot 1 |
BOTTOM OF THE 6TH |
Connetquot Chiefs batting - Pitching for Nebraska Plainsmen : RHP Leif Mayer
|
Batting: RHB David Pérez
|
0-0: Ball 1-0: Swinging Strike 1-1: Called Strike 1-2: Ball 2-2: Strikes out looking
|
Batting: RHB Arturo Morales
|
0-0: Ball 1-0: SOLO HOME RUN (Flyball, 7D), Distance : 413 ft
|
Batting: RHB Menno van de Vlugt
|
0-0: Fly out, F6 (Popup, 56)
|
Batting: RHB José Magana
|
0-0: Ground out 6-3 (Groundball, 6M)
|
Bottom of the 6th over - 1 run(s), 1 hit(s), 0 error(s), 0 left on base; Nebraska 2 - Connetquot 2 |
TOP OF THE 7TH |
Nebraska Plainsmen batting - Pitching for Connetquot Chiefs : RHP Nick Richie
|
Batting: LHB Alex Willis
|
0-0: Called Strike 0-1: Called Strike 0-2: Strikes out swinging
|
Batting: RHB George St. Clair
|
0-0: Ball 1-0: Ball 2-0: Ball 3-0: Called Strike 3-1: Base on Balls
|
Pitching: RHP Mark Bell
|
|
Batting: RHB Bartolo Benítez
|
0-0: Called Strike George St. Clair is caught stealing 2nd base 0-1: Ball 1-1: Foul Ball, location: 2F 1-2: Ball 2-2: Foul Ball, location: 2F 2-2: SINGLE (Line Drive, 34S)
|
Batting: RHB Young-hwan Hyon
|
0-0: Ball 1-0: Ball 2-0: Ground out 4-3 (Groundball, 4)
|
Top of the 7th over - 0 run(s), 1 hit(s), 0 error(s), 1 left on base; Nebraska 2 - Connetquot 2 |
BOTTOM OF THE 7TH |
Connetquot Chiefs batting - Pitching for Nebraska Plainsmen : RHP Leif Mayer
|
Pinch Hitting: LHB Jim Unknown
|
0-0: Ball 1-0: Ball 2-0: Ball 3-0: Base on Balls
|
Batting: SHB Rúbem Corvo
|
0-0: Bunt missed! 0-1: Ball 1-1: Sac Bunt - play at first, batter OUT! 2-4 Jim Unknown to second
|
Pinch Hitting: RHB Miguel Rodríguez
|
0-0: Intentional Walk
|
Batting: RHB John Burton
|
0-0: Ball 1-0: Called Strike 1-1: Grounds into double play, 6-4-3 (Groundball, 6)
|
Bottom of the 7th over - 0 run(s), 0 hit(s), 0 error(s), 1 left on base; Nebraska 2 - Connetquot 2 |
TOP OF THE 8TH |
Nebraska Plainsmen batting - Pitching for Connetquot Chiefs : RHP Mark Bell
|
Now at 2B: Jim Unknown
|
|
Now in RF: Miguel Rodríguez
|
|
Pinch Hitting: SHB Javier Zumaya
|
0-0: Called Strike 0-1: Swinging Strike 0-2: Ball 1-2: Ball 2-2: Strikes out swinging
|
Batting: RHB Mike Thompson
|
0-0: Fly out, F9 (Flyball, 89M)
|
Batting: RHB Dani Trejo
|
0-0: Swinging Strike 0-1: Ball 1-1: Ball 2-1: Ground out 5-3 (Groundball, 5S)
|
Top of the 8th over - 0 run(s), 0 hit(s), 0 error(s), 0 left on base; Nebraska 2 - Connetquot 2 |
BOTTOM OF THE 8TH |
Connetquot Chiefs batting - Pitching for Nebraska Plainsmen : RHP Leif Mayer
|
Now at 3B: Thom Marshall
|
|
Pinch Hitting: LHB Jim Unknown
|
0-0: Ball 1-0: Foul Ball, location: 2F 1-1: Ball 2-1: Ball 3-1: Foul Ball, location: 2F 3-2: Base on Balls
|
Pitching: RHP Jim Unknown
|
|
Batting: RHB David Pérez
|
0-0: Bunt - Flyout! F2
|
Batting: RHB Arturo Morales
|
0-0: Ball 1-0: Called Strike 1-1: 2-RUN HOME RUN (Flyball, 7LD), Distance : 381 ft
|
Batting: RHB Menno van de Vlugt
|
0-0: Ball 1-0: Swinging Strike 1-1: Ground out 5-3 (Groundball, 56)
|
Batting: RHB José Magana
|
0-0: Ball 1-0: Ball 2-0: Foul Ball, location: 2F 2-1: Foul Ball, location: 2F 2-2: Ball 3-2: Reached on error, E5 (Groundball, 56)
|
Batting: LHB Jim Unknown
|
0-0: Called Strike 0-1: Ball 1-1: Called Strike 1-2: Ball 2-2: Strikes out swinging
|
Bottom of the 8th over - 2 run(s), 1 hit(s), 1 error(s), 1 left on base; Nebraska 2 - Connetquot 4 |
TOP OF THE 9TH |
Nebraska Plainsmen batting - Pitching for Connetquot Chiefs : RHP Mark Bell
|
Pitching: RHP Carlos Rosales
|
|
Now in CF: Chris Wright
|
|
Batting: LHB Pedro Gutiérrez
|
0-0: Called Strike 0-1: Foul Ball, location: 2F 0-2: Foul Ball, location: 2F 0-2: Ball 1-2: Foul Ball, location: 2F 1-2: Foul Ball, location: 2F 1-2: DOUBLE (Flyball, 89M)
|
Batting: RHB Miguel Gómez
|
0-0: Ball 1-0: Ball 2-0: Ball 3-0: Called Strike 3-1: Called Strike 3-2: Strikes out swinging
|
Batting: LHB Alex Willis
|
0-0: Called Strike 0-1: Ball 1-1: Foul Ball, location: 2F 1-2: Ground out 4-3 (Groundball, 34) Pedro Gutiérrez to third
|
Pinch Hitting: RHB Ricardo Baraja
|
0-0: Ball 1-0: Ball 2-0: Called Strike 2-1: Fly out, F3 (Popup, 4)
|
Top of the 9th over - 0 run(s), 1 hit(s), 0 error(s), 1 left on base; Nebraska 2 - Connetquot 4 |
|